 Dungeon Crawl Stone Soup version 0.29-a0-830-gcb1280458a (webtiles) character file.

Game seed: 2441354033904357655

2943 gruber the Fighter (level 10, -12/84 HPs)
             Began as a Djinni Fire Elementalist on July 11, 2022.
             Was a Follower of Makhleb.
             Mangled by a four-headed hydra (13 damage)
             ... on level 6 of the Dungeon.
             The game lasted 00:08:10 (7190 turns).

gruber the Fighter (Djinni Fire Elementalist)       Turns: 7190, Time: 00:08:10

Health: -12/84     AC:  5    Str:  7      XL:     10   Next: 7%
Gold:   336        EV: 12    Int: 21      God:    Makhleb [*.....] SH:  0 Dex: 18 (20)

rFire   + + .      SeeInvis .   D - +2 whip (elec)
rCold   x . .      Faith    .   (no shield)
rNeg    + . .      Spirit   .   w - +1 animal skin
rPois   ∞          Reflect  .   x - +0 helmet
rElec   .          Harm     .   (no cloak)
rCorr   .          Rampage  .   H - +0 pair of gloves
Will    +....                   (boots unavailable)
Stlth   ++........              q - amulet of regeneration
HPRegen 1.04/turn               o - +6 ring of dexterity
MPRegen 0.00/turn               L - ring of positive energy

@: flying, studying Short Blades
A: sickness immunity, fire resistance 2, cold vulnerability 1, float, innate
caster, HP casting, extra vitality 1, deterioration 1
a: Renounce Religion


You were on level 6 of the Dungeon.
You worshipped Makhleb.
Makhleb was aware of your devotion.
You visited 2 branches of the dungeon, and saw 8 of its levels.

You collected 336 gold pieces.

Inventory:

Hand Weapons
 v - a +2 vorpal falchion
 D - a +2 whip of electrocution (weapon)
Armour
 w - a +1 animal skin (worn)
 x - a +0 helmet (worn)
 C - an orb of guile
 H - a +0 pair of gloves (worn)
Magical Staves
 p - a staff of death
Jewellery
 o - a +6 ring of dexterity (left hand)
 q - an amulet of regeneration (around neck)
 L - a ring of positive energy (right hand)
Wands
 t - a wand of charming (12)
 B - a wand of flame (35)
 J - a wand of iceblast (8)
Scrolls
 a - a scroll of brand weapon {unknown}
 c - 3 scrolls of enchant weapon {unknown}
 d - a scroll of summoning {unknown}
 g - 3 scrolls of immolation {unknown}
 h - 6 scrolls of identify {unknown}
 k - 2 scrolls of fear {unknown}
 l - 3 scrolls of magic mapping {unknown}
 m - a scroll of vulnerability {unknown}
 s - a scroll of poison {unknown}
 u - a scroll of silence {unknown}
 y - 3 scrolls of enchant armour {unknown}
 z - 3 scrolls of teleportation {unknown}
 G - a scroll of noise {unknown}
 I - a scroll of blinking {unknown}
 K - a scroll of fog {unknown}
Potions
 b - a potion of degeneration {unknown}
 e - 2 potions of mutation
 f - 4 potions of lignification {unknown}
 i - a potion of magic {unknown}
 j - a potion of might {unknown}
 n - 2 potions of heal wounds {unknown}
 r - 3 potions of curing {unknown}
 A - a potion of attraction {unknown}
 E - a potion of invisibility {unknown}
 F - 2 potions of ambrosia {unknown}


   Skills:
 * Level 11.8 Fighting
 - Level 2.1 Dodging
 - Level 1.5 Stealth
 - Level 5.1 Spellcasting


You couldn't memorise any spells.
You knew the following spells:

 Your Spells              Type           Power      Damage    Failure   Level
a - Foxfire               Conj/Fire      100%       2x1d9     1%          1
b - Scorch                Fire           54%        2d8       1%          2
c - Conjure Flame         Conj/Fire      27%        6-21      3%          3
d - Inner Flame           Hex/Fire       27%        N/A       3%          3
e - Flame Wave            Conj/Fire      27%        2d7       13%         4
f - Summon Small Mammal   Summ           100%       N/A       1%          1
g - Poisonous Vapours     Pois/Air       54%        N/A       1%          2
h - Static Discharge      Conj/Air       27%        3-7/arc   1%          2
i - Anguish               Hex/Necr       13%        N/A       13%         4
Your spell library was empty.

Dungeon Overview and Level Annotations

Branches:
Dungeon (7/15)             Temple (1/1) D:5

Altars:
Ashenzari
Elyvilon
Fedhas
Gozag
Hepliaklqana
Makhleb
Nemelex Xobeh
Okawaru
Qazlal
Ru
Trog
Uskayaw
Wu Jian
Zin

Shops:
D:5 *

Portals:
Bailey: D:7


Innate Abilities, Weirdness & Mutations

You are immune to sickness and miasma.
You are immune to poison.
Your flesh is very heat resistant. (rF++)
You are vulnerable to cold. (rC-)
You float through the air rather than walking.
You learn spells naturally, not from books.
Your magical power is your life essence.
You have superior vitality. (+4 MHP)
Your body sometimes deteriorates upon taking damage.


Message History

Casting: Conjure Flame (mildly dangerous; 3% risk of failure)
Confirm with . or Enter, or press ? or * to list all spells.
Flames lash the four-headed hydra.
The four-headed hydra is lightly wounded.
The four-headed hydra's fire resistance burns away.
The four-headed hydra bites you.
The four-headed hydra completely misses you.
The four-headed hydra bites you.
The four-headed hydra barely misses you.
Unknown command.
Unknown command.
Casting: Scorch (safe; 1% risk of failure)
Confirm with . or Enter, or press ? or * to list all spells.
Casting: Flame Wave (dangerous; 13% risk of failure)
Press: ? - help, Dir - look around, f - activate A wave of flame ripples out!
The flame wave engulfs the four-headed hydra!
The four-headed hydra is burned terribly!
The four-headed hydra is moderately wounded. (Press . to intensify the flame waves.)
The four-headed hydra bites you.
The four-headed hydra barely misses you.
The four-headed hydra bites you!
* * * LOW HITPOINT WARNING * * *
The four-headed hydra bites you.
* * * LOW HITPOINT WARNING * * *
Unknown command.
A wave of flame ripples out!
The flame wave engulfs the four-headed hydra.
The four-headed hydra is burned terribly!
The four-headed hydra is moderately wounded.
* * * LOW HITPOINT WARNING * * *
The four-headed hydra completely misses you.
The four-headed hydra bites you!
* * * LOW HITPOINT WARNING * * *
Your body deteriorates!
You feel clumsy. The four-headed hydra bites you!
* * * LOW HITPOINT WARNING * * *
The four-headed hydra bites you!
You die...

#.....<[...#....# #.#
##).....#'#.#..#.# #.#
........#.#.#..#.####.#
........#.#(#..#......#
..........#.#..#.######
##......###.#....#....#
#......# #.#....#.##.####
#......# #.#....#.......#
##......# #.....@#..#.##.#
........# ###.#.D...#.##.#
######### ##.#.....#....#
####8.#####.............#
##..'..'..##.............#
#..8#..#8..#...........#.#
#.####'###.#..........<#.#
#'#(:(...#'#...........#.#
#.########.#.............#


You could see a four-headed hydra (combustible).

Vanquished Creatures
  A two-headed ogre (D:6)
  A kobold demonologist (D:6)
  A troll (D:6)
  Menkaure (D:6)
  An ice beast (D:5)
  A black bear (D:5)
  2 centaurs
  A kobold brigand (D:7)
  2 bullfrogs
  3 scorpions
  2 necrophages
  4 wights (D:7)
  2 jellies (D:5)
  5 hounds (D:5)
  3 orc priests
  A gnoll bouda (D:5)
  5 iguanas
  2 orc wizards
  Robin (D:4)
  6 adders
  A shadow imp (D:5)
  2 white imps
  3 ufetubi
  2 worms (D:2)
  5 dart slugs
  9 orcs
  11 ball pythons
  8 endoplasms
  5 giant cockroaches
  5 hobgoblins
  A jackal (D:5)
  4 kobolds
  4 quokkas
  3 bats
  4 frilled lizards
  10 goblins
  6 rats
128 creatures vanquished.

Vanquished Creatures (collateral kills)
  3 foxfires (D:1)
3 creatures vanquished.

Vanquished Creatures (others)
  A howler monkey (D:6)
  650 foxfires
651 creatures vanquished.

Grand Total: 782 creatures vanquished

Notes
Turn   | Place    | Note
-------+----------+-------------------------------------------
     0 | D:1      | gruber the Djinni Fire Elementalist began the quest for the
                  | Orb.
     0 | D:1      | gruber set off with the following spells memorised:
                  | Foxfire, Scorch, Conjure Flame, Inner Flame, Flame Wave.
     0 | D:1      | Reached XP level 1. HP: 15/15 MP: 0/0
   792 | D:1      | Reached XP level 2. HP: 16/21 MP: 0/0
  1459 | D:1      | Reached XP level 3. HP: 17/25 MP: 0/0
  1459 | D:1      | Learned a level 1 spell: Summon Small Mammal
  2399 | D:2      | Found a faded altar of an unknown god.
  2637 | D:2      | Reached XP level 4. HP: 27/31 MP: 0/0
  3716 | D:3      | Found a stormy altar of Qazlal.
  4081 | D:3      | Found an iron altar of Okawaru.
  4621 | D:4      | Noticed a necrophage
  4665 | D:4      | Reached XP level 5. HP: 34/35 MP: 0/0
  4665 | D:4      | Learned a level 2 spell: Poisonous Vapours
  4687 | D:4      | Noticed Robin
  4696 | D:4      | Killed Robin
  5252 | D:4      | Reached skill level 5 in Spellcasting
  5252 | D:4      | Reached XP level 6. HP: 37/40 MP: 0/0
  5471 | D:5      | Entered Level 5 of the Dungeon
  5487 | D:5      | Reached skill level 1 in Fighting
  5520 | D:5      | Reached skill level 2 in Fighting
  5542 | D:5      | Reached skill level 3 in Fighting
  5542 | D:5      | Reached XP level 7. HP: 49/50 MP: 0/0
  5542 | D:5      | Learned a level 2 spell: Static Discharge
  5547 | D:5      | Reached skill level 4 in Fighting
  5556 | D:5      | Found Cosa's Commerce Corner.
  5604 | D:5      | Reached skill level 5 in Fighting
  5620 | D:5      | Found a bloodstained altar of Trog.
  5626 | D:5      | Reached XP level 8. HP: 49/60 MP: 0/0
  5630 | D:5      | Reached skill level 6 in Fighting
  5726 | D:5      | Found a staircase to the Ecumenical Temple.
  5766 | Temple   | Entered the Ecumenical Temple
  5777 | Temple   | Became a worshipper of Makhleb the Destroyer
  5810 | D:5      | Found an opulent altar of Gozag.
  5826 | D:5      | Reached skill level 7 in Fighting
  6319 | D:6      | Found an ornate altar of the Wu Jian Council.
  6346 | D:6      | Reached skill level 8 in Fighting
  6384 | D:6      | Found a hide-covered altar of Uskayaw.
  6395 | D:6      | Noticed Menkaure
  6398 | D:6      | Killed Menkaure
  6399 | D:6      | Reached XP level 9. HP: 70/71 MP: 0/0
  6399 | D:6      | Learned a level 4 spell: Anguish
  6523 | D:6      | Noticed a kobold demonologist
  6532 | D:6      | Noticed a troll
  6532 | D:6      | Noticed a two-headed ogre
  6535 | D:6      | Noticed a red devil
  6545 | D:6      | Killed a troll
  6545 | D:6      | Noticed a rust devil
  6546 | D:6      | Reached skill level 9 in Fighting
  6550 | D:6      | Gained mutation: Your body sometimes deteriorates upon
                  | taking damage. [potion of mutation]
  6552 | D:6      | Killed a kobold demonologist
  6553 | D:6      | Reached skill level 10 in Fighting
  6930 | D:6      | Killed a two-headed ogre
  6931 | D:6      | Reached skill level 11 in Fighting
  6956 | D:7      | Reached * piety under Makhleb
  6965 | D:7      | Reached XP level 10. HP: 38/83 MP: 0/0
  7054 | D:7      | Noticed a four-headed hydra
  7095 | D:7      | Found a flagged portal.
  7190 | D:6      | HP: 1/84 [four-headed hydra (7)]
  7190 | D:6      | Mangled by a four-headed hydra

Illustrated notes

Levels and vault maps discovered:
D:1:      tarquinn_simple_flora_water_d, layout_basic, serial_forest,
          infiniplex_forest_side_room, infiniplex_forest_corner_1,
          infiniplex_forest_lined_1, infiniplex_forest_end_2,
          infiniplex_forest_lined_corner, infiniplex_forest_lined_3,
          infiniplex_forest_clump_long, infiniplex_forest_join,
          infiniplex_forest_straight_2, roderic_roman_lattice,
          supply_closet_lemuel, dk_noncrumbling_3
D:2:      layout_basic, basic_ecumenical_altar, hangedman_decor_points
D:3:      layout_loops_corners, mainiacjoe_overflow_tiny_flanked,
          lemuel_coloured_pillars_altar
D:4:      layout_basic, uniq_robin
D:5:      layout_basic, led_sif_pool, mainiacjoe_overflow_boulevard,
          minmay_temple_entry_statues_pillars, nicolae_alphabet_shops,
          kb_lookout_dungeons_type, minmay_ruined_shrine
D:6:      minmay_chambers_of_sixes, layout_basic, general_overflow_altar,
          mainiacjoe_overflow_brackets, uniq_menkaure
D:7:      minmay_the_grid_plus [minmay_the_grid_minigrid_large,
          minmay_the_grid_pillar_ring, minmay_the_grid_gridbox,
          minmay_the_grid_paths, minmay_the_grid_prize_big_room],
          layout_loops_ring, gammafunk_ghost_hive, enter_bailey_2,
          minmay_manual_moon, uniq_pikel
Temple:   minmay_freezing_vapour_temple

Skill      XL: |  1  2  3  4  5  6  7  8  9 |
---------------+----------------------------+-----
Spellcasting   | 3 4 5 |  5.1
Fighting       | 3 5 8 11 | 11.8
Dodging        | |  2.1
Stealth        | |  1.5

Action                   |  1- 3 |  4- 6 |  7- 9 | 10-12 || total
-------------------------+-------+-------+-------+-------++-------
Melee: Unarmed           |     7 |       |       |       ||     7
       Falchion          |       |     3 |       |       ||     3
       Whip              |       |       |     2 |     1 ||     3
 Cast: Foxfire           |   107 |   175 |   112 |     9 ||   403
       Scorch            |       |     3 |    29 |     3 ||    35
       Summon Small Mamm |       |     1 |       |       ||     1
       Flame Wave        |       |       |     6 |     1 ||     7
       Anguish           |       |       |     1 |     2 ||     3
       Poisonous Vapours |       |       |     1 |       ||     1
       Conjure Flame     |       |       |       |     1 ||     1
Evoke: Wand              |       |       |     1 |       ||     1
  Use: Potion            |       |       |     1 |       ||     1
 Stab: Sleeping          |     1 |       |       |       ||     1
Armor: Robe              |     2 |     1 |       |       ||     3
       Animal skin       |       |     2 |     8 |     5 ||    15
Dodge: Dodged            |    15 |    12 |    43 |    14 ||    84

Table legend: (Time is in decaauts)
 A = Elapsed time spent in this place.
 B = Non-inter-level travel time spent in this place.
 C = Inter-level travel time spent in this place.
 D = Time resting spent in this place.
 E = Time spent auto-exploring this place.
 F = Levels seen in this place.
 G = Mean time per level.
                   A        B        C        D        E       F      G
               +--------+--------+--------+--------+--------+-----+--------+
         Total |   7189 |   6915 |    274 |      0 |   5941 |   8 |  898.6 |
       Dungeon |   7161 |   6893 |    268 |      0 |   5930 |   7 | 1023.0 |
        Temple |     27 |     22 |      5 |      0 |     11 |   1 |   27.0 |
               +--------+--------+--------+--------+--------+-----+--------+

Top non-repeatable levels by time:
     D:1: 2399 daAuts
     D:2: 1235 daAuts
     D:3: 960 daAuts
     D:4: 875 daAuts
     D:6: 776 daAuts
     D:5: 701 daAuts
     D:7: 213 daAuts
  Temple: 27 daAuts
